 Dungeon Crawl Stone Soup version 0.31.0-4-g52a2dc7128 (webtiles) character file.

Game seed: 2520823474710659246

2036 Hopman the Caller (level 9, -8/42 (45) HPs)
             Began as a Tengu Summoner on Jan 22, 2024.
             Killed from afar by an electric eel (13 damage)
             ... with a bolt of electricity
             ... on level 8 of the Dungeon.
             The game lasted 00:28:30 (7586 turns).

Hopman the Caller (Tengu Summoner)                  Turns: 7586, Time: 00:28:31

HP:   -8/42 (45)    AC:  5    Str:  9    XL:     9   Next: 24%
MP:   18/18         EV: 34    Int: 21    God:
Gold: 409           SH:  0    Dex: 17    Spells: 5/19 levels left

rFire   . . .        (no weapon)
rCold   x . .        (no shield)
rNeg    . . .        a - +1 robe
rPois   +            (helmet restricted)
rElec   .            y - scarf {repulsion}
rCorr   .            x - +1 pair of gloves
SInv    .            (boots unavailable)
Will    .....        b - amulet of magic regeneration
Stlth   +++          p - ring of poison resistance
HPRegen 0.27/turn    i - ring of Pokusuff {Fly rPois rC- Int+4 Slay-2}
MPRegen 0.56/turn

%: repel missiles, acrobat
@: acrobatic, flying, drained
A: beak, talons 3, evasive flight, acrobatic
a: no special abilities


You were on level 8 of the Dungeon.
You visited 1 branch of the dungeon, and saw 9 of its levels.

You collected 409 gold pieces.

Inventory:

Armour
 a - a +1 robe (worn)
 x - a +1 pair of gloves (worn)
 y - a scarf of repulsion (worn)
Jewellery
 b - an amulet of magic regeneration (around neck)
 g - a ring of ice
 i - the ring of Pokusuff (right hand) {Fly rPois rC- Int+4 Slay-2}
   (You found it on level 3 of the Dungeon)

   [ring of flight]

   Int+4:     It affects your intelligence (+4).
   Slay-2:    It affects your accuracy & damage with ranged weapons and melee
   (-2).
   rC-:       It makes you vulnerable to cold.
   rPois:     It protects you from poison Fly: It grants you flight.
 k - a ring of positive energy
 p - a ring of poison resistance (left hand)
 r - a ring of fire
 v - an amulet of regeneration
Wands
 f - a wand of polymorph (7)
 n - a wand of mindburst (19)
 s - a wand of roots (7)
 D - a wand of charming (4)
Scrolls
 c - a scroll of noise
 w - 4 scrolls of revelation
 z - 7 scrolls of identify
 C - a scroll of enchant armour
Potions
 d - 6 potions of curing
 e - a potion of mutation
 h - 4 potions of lignification {unknown}
 j - a potion of resistance {unknown}
 l - a potion of brilliance {unknown}
 o - 2 potions of attraction
 q - 2 potions of haste
 t - a potion of cancellation {unknown}
 u - a potion of enlightenment {unknown}


   Skills:
 + Level 5.5 Dodging
 + Level 5.5 Stealth
 * Level 5.8 Spellcasting
 + Level 7.4 Summonings
 + Level 4.4 Fire Magic
 + Level 4.5 Air Magic
 + Level 2.0 Evocations


You had 5 spell levels left.
You knew the following spells:

 Your Spells              Type           Power      Damage    Failure   Level
a - Summon Small Mammal   Summ           100%       N/A       1%          1
b - Call Imp              Summ           74%        N/A       1%          2
c - Call Canine Familiar  Summ           37%        N/A       1%          3
d - Summon Lightning Spi  Summ/Air       31%        N/A       9%          4
e - Summon Blazeheart Go  Fire/Summ      30%        N/A       9%          4

Your spell library contained the following spells:

 Spells                   Type           Power      Damage    Failure   Level
 Sublimation of Blood     Necr           6%         N/A       16%         2
 Mephitic Cloud           Conj/Alch/Air  12%        N/A       16%         3
 Dazzling Flash           Conj/Hex       12%        N/A       30%         3
 Vhi's Electric Charge    Tloc/Air       30%        N/A       36%         4
 Arcjolt                  Conj/Air       7%         1d17      73%         5
 Silence                  Hex/Air        7%         N/A       73%         5
 Curse of Agony           Necr           6%         N/A       95%         5
 Summon Hydra             Summ           18%        N/A       99%         7
 Maxwell's Capacitive Co  Air            12%        ∞         100%        8


Dungeon Overview and Level Annotations

Branches:
Dungeon (9/15)             Temple (0/1) D:4
   Lair: D:8-11         Orc: D:9-12

Altars:
Ashenzari
Cheibriados
Fedhas
Vehumet
The Shining One

Annotations:
D:3 2 transporters, Hopman's ghost, amateur NaAl


Innate Abilities, Weirdness & Mutations

You have a beak for a mouth.
You have claws for feet.
Your magical flight helps you evade attacks. (EV +4)
You can magically evade attacks while moving or waiting.


Message History

k - a ring of positive energy Your rat disappears in a puff of smoke!
A malevolent force fills the Dungeon...
You are sucked into a shaft and drop 2 floors!
The shaft crumbles and collapses.
You reach down and open the door.
A bullfrog and a yak come into view.
Found a stone staircase leading up.
The bullfrog gives a loud, deep croak!
The yak bellows!
You hear a bellow! x5
A yak comes into view. x2
There is an open door here.
A yak comes into view.
The yak bellows! 2 yaks come into view.
The bullfrog completely misses you. x2
The yak bellows!
The yak misses you.
There is a stone staircase leading up here.
The bullfrog completely misses you. The bullfrog closely misses you.
The yak barely misses you. The yak gores you! x2
You fly upwards.
There is a stone staircase leading down here.
As you read the scroll of teleportation, it crumbles to dust.
You feel strangely unstable. The bullfrog completely misses you.
The yak gores you.
* * * LOW HITPOINT WARNING * * *
The yak gores you.
* * * LOW HITPOINT WARNING * * *
Okay, then.
Blink to where?
Press: ? - help, Dir - move target
Found 5 stones.
As you read the scroll of blinking, it crumbles to dust.
Found two stone staircases leading up.
Your surroundings suddenly seem different.
A hound, a troll and an electric eel come into view.
Found 9 gold pieces.
The electric eel shoots out a bolt of lightning at you!
The bolt of electricity hits you!
You die...

.# .# #....~≈≈≈~~..≈. .#
#.....~≈≈~...~h .#
#......~S≈...~≈ .#
#......≈~~≈~.≈≈ .###
##.....~..≈≈≈.~≈
...####...........~~≈~.~~
##......##..$...~~.~≈~.~.
#..######......@..~≈T.~.
..... ..###..~~..~~.~.
...##..# #...........
.... #.# ##..........
.... ... ######..### ....
..# .## ..... .# #


You could see a troll and an electric eel.

Vanquished Creatures
  A phantom (D:5)
  A giant cockroach (D:1)
2 creatures vanquished.

Vanquished Creatures (collateral kills)
  The ghost of Pascal76 the Chopper, a novice MiFi (D:4)
  Grinder (D:3)
  Eustachio (D:4)
  Edmund (D:6)
  An ice beast (D:6)
  An orc warrior (D:5)
  A black bear (D:4)
  A centaur (D:7)
  An ogre (D:5)
  2 scorpions
  3 wights (D:7)
  2 jellies
  A bombardier beetle (D:4)
  A hound (D:5)
  2 orc priests
  5 iguanas
  An orc wizard (D:6)
  3 gnolls (D:5)
  2 adders (D:4)
  2 ribbon worms
  2 dart slugs
  12 orcs
  8 endoplasms
  3 giant cockroaches (D:1)
  9 goblins
  3 hobgoblins
  12 jackals
  6 kobolds
  4 quokkas
  8 ball pythons
  3 bats
  2 frilled lizards (D:1)
  6 rats
111 creatures vanquished.

Grand Total: 113 creatures vanquished

Notes
Turn   | Place    | Note
-------+----------+-------------------------------------------
     0 | D:1      | Hopman the Tengu Summoner began the quest for the Orb.
     0 | D:1      | Reached XP level 1. HP: 10/10 MP: 4/4
   365 | D:1      | Reached XP level 2. HP: 15/15 MP: 4/6
   368 | D:1      | Learned a level 2 spell: Call Imp
   390 | D:1      | Reached skill level 5 in Summonings
  1001 | D:1      | Reached XP level 3. HP: 19/19 MP: 5/7
  1095 | D:1      | Learned a level 3 spell: Call Canine Familiar
  2596 | D:3      | Found a transporter.
  2597 | D:3      | Noticed Hopman's ghost (amateur NaAl)
  2600 | D:3      | Identified the +6 great mace "Xegoz" {heavy, rC+}
  2600 | D:3      | Noticed an ogre
  2600 | D:3      | Noticed an ogre
  2602 | D:3      | Found a transporter.
  2645 | D:3      | Reached XP level 4. HP: 24/24 MP: 5/8
  3201 | D:3      | Noticed Grinder
  3219 | D:3      | Killed Grinder
  3220 | D:3      | Reached skill level 1 in Fire Magic
  3220 | D:3      | Reached XP level 5. HP: 28/28 MP: 5/10
  3220 | D:3      | Reached XP level 6. HP: 32/32 MP: 5/11
  3225 | D:3      | Identified the ring of Pokusuff {Fly rPois rC- Int+4
                  | Slay-2}
  3338 | D:4      | Noticed Eustachio
  3575 | D:4      | Noticed a black bear
  3619 | D:4      | Found a runed translucent gate.
  3620 | D:4      | Found a runed translucent gate.
  3620 | D:4      | Found a runed translucent gate.
  3623 | D:4      | Noticed Pascal76's ghost (novice MiFi)
  3749 | D:4      | Found a staircase to the Ecumenical Temple.
  3788 | D:4      | Reached skill level 6 in Summonings
  4006 | D:4      | Killed Eustachio
  4007 | D:4      | Reached skill level 1 in Air Magic
  4007 | D:4      | Gained mutation: Your magical flight helps you evade
                  | attacks. (EV +4) [Tengu growth]
  4007 | D:4      | Reached XP level 7. HP: 16/36 MP: 6/13
  4290 | D:4      | Found a broken altar of Ashenzari.
  4853 | D:4      | Killed Pascal76's ghost
  4854 | D:4      | Reached XP level 8. HP: 30/41 MP: 7/15
  4927 | D:5      | Entered Level 5 of the Dungeon
  5195 | D:5      | Found a glowing golden altar of the Shining One.
  5230 | D:5      | Learned a level 4 spell: Summon Lightning Spire
  5235 | D:5      | Learned a level 4 spell: Summon Blazeheart Golem
  5654 | D:5      | Reached skill level 5 in Dodging
  5654 | D:5      | Reached skill level 5 in Spellcasting
  5765 | D:5      | Found a snail-covered altar of Cheibriados.
  5776 | D:5      | Found a radiant altar of Vehumet.
  5964 | D:5      | Reached skill level 7 in Summonings
  5980 | D:5      | Reached skill level 5 in Stealth
  6065 | D:5      | Reached skill level 1 in Evocations
  6346 | D:6      | Noticed Edmund
  6424 | D:6      | Killed Edmund
  6476 | D:6      | Reached XP level 9. HP: 45/45 MP: 18/18
  6590 | D:6      | Found a blossoming altar of Fedhas.
  7569 | D:7      | You are sucked into a shaft and drop 2 floors!
  7585 | D:8      | Noticed a troll
  7586 | D:8      | Killed from afar by an electric eel

Illustrated notes

Levels and vault maps discovered:
D:1:      psy_arrival_statuary, layout_loops_corners, serial_forest,
          infiniplex_forest_lined_3, infiniplex_forest_lined_2,
          infiniplex_forest_side_room, infiniplex_forest_clump_medium,
          infiniplex_forest_lined_1, infiniplex_forest_lined_1,
          infiniplex_forest_clump_C, minmay_worlds_worst_comb
D:2:      layout_loops_corners
D:3:      layout_basic, gammafunk_ghost_smash, uniq_grinder
D:4:      layout_basic, ashenzari_altar_1, temple_hall,
          ebering_ghost_rock_garden, uniq_eustachio
D:5:      layout_layer_cave, mainiacjoe_overflow_tiny_flanked,
          mainiacjoe_overflow_big_doors, cheibrodos_sewer_entry_bend
D:6:      layout_rooms, mainiacjoe_overflow_24_doors, uniq_edmund
D:7:      layout_basic
D:8:      layout_rooms, erik_lair_island, minmay_gold_behind_fungi
D:9:      layout_roguey, mainiacjoe_overflow_small_starburst,
          ebering_ghost_reflecting_pool, hangedman_decor_lopped

Skill      XL: |  1  2  3  4  5  6  7  8  9 |
---------------+----------------------------+-----
Summonings     | 5 6 7 |  7.4
Dodging        | 3 4 5 |  5.5
Stealth        | 3 4 5 |  5.5
Spellcasting   | 3 4 5 |  5.8
Fire Magic     | 1 2 3 4 |  4.4
Air Magic      | 1 3 4 |  4.5
Evocations     | 1 2 |  2.0

Action                     |  1- 3 |  4- 6 |  7- 9 || total
---------------------------+-------+-------+-------++-------
  Melee: Unarmed           |    14 |     9 |     3 ||    26
         Kick              |     4 |     1 |     1 ||     6
         Peck              |     2 |     1 |       ||     3
   Cast: Summon Small Mamm |    48 |    23 |    51 ||   122
         Call Imp          |    21 |    26 |    41 ||    88
         Call Canine Famil |       |     8 |    18 ||    26
    Use: Scroll            |     6 |     1 |    11 ||    18
         Potion            |       |     2 |     1 ||     3
   Stab: Sleeping          |     1 |       |       ||     1
 Armour: Robe              |    33 |    27 |    22 ||    82
  Dodge: Dodged            |    79 |    91 |   126 ||   296
